 Dungeon Crawl Stone Soup version 0.28-a0-895-g6e5f11bd55 (webtiles) character file.

Game seed: 16119769936211544182

154 siradein the Sneak (level 5, -14/41 HPs)
             Began as a Demonspawn Brigand on Nov 23, 2021.
             Demolished by an ogre (25 damage)
             ... on level 4 of the Dungeon.
             The game lasted 00:09:41 (4853 turns).

siradein the Sneak (Demonspawn Brigand)             Turns: 4853, Time: 00:09:41

Health: -14/41     AC:  7    Str: 18    XL:     5   Next: 13%
Magic:  5/5        EV: 10    Int: 12    God:
Gold:   136        SH:  0    Dex: 15    Spells: 4/4 levels left

rFire   . . .      SeeInvis .   n - +2 hand axe (vamp)
rCold   . . .      Faith    .   (no shield)
rNeg    . . .      Spirit   .   f - +0 scale mail
rPois   .          Reflect  .   (no helmet)
rElec   .          Harm     .   c - +0 cloak
rCorr   .          Rampage  .   (no gloves)
Will    .....                   (no boots)
Stlth   +.........              (no amulet)
HPRegen 0.13/turn               j - +6 ring of strength
MPRegen 0.09/turn               (no ring)

@: no status effects
A: demonic guardian 1, demonic touch 2
a: no special abilities


You were on level 4 of the Dungeon.
You visited 2 branches of the dungeon, and saw 5 of its levels.

You collected 136 gold pieces.

Inventory:

Hand Weapons
 n - a +2 vampiric hand axe (weapon)
Missiles
 d - 8 poisoned darts (quivered)
 e - 2 curare-tipped darts
 i - 55 arrows
 m - 91 stones
Armour
 c - a +0 cloak (worn)
 f - a +0 scale mail (worn)
Jewellery
 j - a +6 ring of strength (left hand)
 k - a ring of fire
Scrolls
 b - 2 scrolls of blinking {unknown}
 g - a scroll of amnesia {unknown}
 h - a scroll of fog {unknown}
Potions
 l - a potion of curing {unknown}


   Skills:
 + Level 3.1 Fighting
 - Level 1.7 Short Blades
 + Level 2.8 Throwing
 + Level 1.9 Armour
 + Level 2.3 Dodging
 - Level 3.6 Stealth


You had 4 spell levels left.
You didn't know any spells.
Your spell library contained the following spells:

 Spells                   Type           Power      Damage    Failure   Level
 Corpse Rot               Necr/Air       0%         N/A       85%         2
 Dispel Undead            Necr           0%         3d6       100%        4
 Death Channel            Necr           0%         N/A       100%        6


Dungeon Overview and Level Annotations

Branches:
Dungeon (4/15)             Temple (1/1) D:4

Altars:
Cheibriados
Elyvilon
Fedhas
Gozag
Kikubaaqudgha
Makhleb
Qazlal
Trog
Uskayaw
Xom
The Shining One

Shops:
D:2 (


Innate Abilities, Weirdness & Mutations

A weak demonic guardian rushes to your aid.
Your touch may inflict irresistible damage on your foes.


Message History

Found a bloodstained altar of Trog and a burning altar of Makhleb.
Found a snail-covered altar of Cheibriados and a stormy altar of Qazlal.
Found an opulent altar of Gozag and a hide-covered altar of Uskayaw.
There is an open gate here.
Done exploring.
Done exploring.
(D) Dungeon (T) Temple
Where to? (Enter - D:4, ? - help)
What level of the Dungeon? (default 4, ? - help)
There is a staircase back to the Dungeon here.
You climb upwards.
Welcome back to the Dungeon!
There is a staircase to the Ecumenical Temple here.
There are monsters nearby!
You closely miss the adder.
You touch the adder.
The adder is moderately wounded.
The adder bites you but does no damage. The adder bites you.
You are poisoned.
The adder poisons you!
You hit the adder.
You feel better.
The adder is heavily wounded.
You hit the ogre but do no damage.
You feel sick. The adder bites you but does no damage.
The ogre hits you with a +0 giant spiked club!!
Ouch! That really hurt!
A demonic guardian appears!
You swap places.
You feel sick. The adder misses your ufetubus.
Your ufetubus barely misses the ogre.
Your ufetubus hits the ogre. The ogre closely misses you.
The adder closely misses your ufetubus.
You feel sick.
Your ufetubus hits the ogre.
Your ufetubus hits the ogre but does no damage.
The adder bites your ufetubus.
Your ufetubus is poisoned.
The adder poisons your ufetubus!
Found 8 stones.
You feel sick.
You are no longer poisoned.
Your ufetubus hits the ogre but does no damage.
Your ufetubus hits the ogre.
The ogre hits you with a +0 giant spiked club!!
Ouch! That really hurt!
You die...

.## ...## .....##
....... ####.......
....... #.....)....
.(..... #..........
.......### ##..........
.......@.## #...........
.....###O5###...........
... ##.S............. .
#..##...##......
#..##...##..)...
#...^...........
##....>.........
#..........<.##
#.##...##.####


You could see an ogre (ally target), an adder and a friendly ufetubus (summoned,
very poisoned).

Vanquished Creatures
  A water moccasin skeleton (D:3)
  3 adders
  A worm (D:2)
  An orc (D:4)
  14 endoplasms
  3 giant cockroaches
  3 goblins
  5 hobgoblins
  4 jackals (D:1)
  5 quokkas
  6 ball pythons
  4 bats
  13 kobolds
  4 rats
67 creatures vanquished.

Vanquished Creatures (collateral kills)
  A ball python (D:1)
  A goblin (D:1)
2 creatures vanquished.

Vanquished Creatures (others)
  11 fungi (D:2)
  8 toadstools (D:2)
19 creatures vanquished.

Grand Total: 88 creatures vanquished

Notes
Turn   | Place    | Note
-------+----------+-------------------------------------------
     0 | D:1      | siradein the Demonspawn Brigand began the quest for the
                  | Orb.
     0 | D:1      | Reached XP level 1. HP: 16/16 MP: 1/1
    13 | D:1      | Reached skill level 1 in Dodging
   299 | D:1      | Gained mutation: A weak demonic guardian rushes to your
                  | aid. [demonic ancestry]
   299 | D:1      | Reached XP level 2. HP: 2/22 MP: 2/2
   299 | D:1      | HP: 1/22 [constriction (1)]
  1502 | D:1      | Gained mutation: Your touch may inflict minor irresistible
                  | damage on your foes. [demonic ancestry]
  1502 | D:1      | Reached XP level 3. HP: 24/28 MP: 3/3
  1737 | D:2      | Reached skill level 1 in Armour
  2682 | D:2      | Found Sisioq's Weapon Boutique.
  3018 | D:2      | Found a faded altar of an unknown god.
  3058 | D:2      | Reached XP level 4. HP: 31/34 MP: 4/4
  3599 | D:3      | Gained mutation: Your touch may inflict irresistible damage
                  | on your foes. [demonic ancestry]
  3599 | D:3      | Reached XP level 5. HP: 30/41 MP: 5/5
  4229 | D:4      | Found a staircase to the Ecumenical Temple.
  4230 | D:4      | Noticed an ogre
  4248 | Temple   | Entered the Ecumenical Temple
  4853 | D:4      | Demolished by an ogre

Illustrated notes

Levels and vault maps discovered:
D:1:      minmay_arrival_plants_in_alcoves, layout_loops_ring,
          chequers_hall_statues_corner_a, st_stairs_11
D:2:      cheibrodos_fertilizer, layout_basic, shapermc_ecumenical_altar_petra,
          serial_shops, shop, dk_noncrumbling_2
D:3:      layout_basic, lemuel_crystal_altar, corexii_item_surrounded_by_moat,
          hangedman_decor_peaks_small, amcnicky_mini_pool_small
D:4:      layout_cave_pods, mainiacjoe_overflow_catwalk,
          minmay_temple_entry_stoned_glass, minmay_manual_maat, uniq_eustachio
Temple:   jpeg_temple_alley_garden

Skill      XL: |  1  2  3  4 |
---------------+-------------+-----
Dodging        | 1 2 |  2.3
Throwing       | 2 |  2.8
Armour         | 1 |  1.9
Fighting       | 3 |  3.1
Short Blades   | |  1.7
Stealth        | |  3.6

Action                   |  1- 3 |  4- 6 || total
-------------------------+-------+-------++-------
Melee: Dagger            |   181 |       ||   181
       Touch             |     8 |     8 ||    16
       Hand axe          |     4 |    52 ||    56
 Stab: Sleeping          |     1 |     1 ||     2
Armor: Scale mail        |    91 |    28 ||   119
Dodge: Dodged            |    79 |    22 ||   101

Table legend: (Time is in decaauts)
 A = Elapsed time spent in this place.
 B = Non-inter-level travel time spent in this place.
 C = Inter-level travel time spent in this place.
 D = Time resting spent in this place.
 E = Time spent auto-exploring this place.
 F = Levels seen in this place.
 G = Mean time per level.
                   A        B        C        D        E       F      G
               +--------+--------+--------+--------+--------+-----+--------+
         Total |   4854 |   4732 |    122 |    583 |   3251 |   5 |  970.8 |
       Dungeon |   4261 |   4192 |     69 |    220 |   3079 |   4 | 1065.2 |
        Temple |    592 |    539 |     53 |    363 |    172 |   1 |  592.0 |
               +--------+--------+--------+--------+--------+-----+--------+

Top non-repeatable levels by time:
     D:1: 1685 daAuts
     D:2: 1564 daAuts
     D:3: 977 daAuts
  Temple: 592 daAuts
     D:4: 34 daAuts
